 Dungeon Crawl Stone Soup version 0.27.1-34-g3ba077fa99 (webtiles) character file.

Game seed: 10255184174610515494

442 boopmooplesden the Cudgeller (level 6, -2/56 HPs)
             Began as a Minotaur Fighter on Jan 1, 2022.
             Slain by a gnoll (11 damage)
             ... on level 4 of the Dungeon.
             The game lasted 00:04:39 (3524 turns).

boopmooplesden the Cudgeller (Minotaur Fighter)     Turns: 3524, Time: 00:04:39

Health: -2/56      AC: 12    Str: 23    XL:     6   Next: 71%
Magic:  5/5        EV:  4    Int:  5    God:
Gold:   87         SH:  0    Dex:  9    Spells: 5/5 levels left

rFire    + . .     SeeInvis .   a - +0 flail
rCold    + . .     Faith    .   c - +0 kite shield
rNeg     . . .     Spirit   .   h - +0 plate armour
rPois    +         Reflect  .   (helmet restricted)
rElec    +         Harm     .   (no cloak)
rCorr    +         Rampage  .   (no gloves)
Will     .....                  (no boots)
Stlth    ..........             (no amulet)
HPRegen  0.18/turn              (no ring)
MPRegen  0.09/turn              (no ring)

@: confused, resistant, ambrosia-drunk, hasted, very quick
A: horns 2, retaliatory headbutt
a: no special abilities


You were on level 4 of the Dungeon.
You visited 1 branch of the dungeon, and saw 4 of its levels.

You collected 87 gold pieces.

Inventory:

Hand Weapons
 a - a +0 flail (weapon)
Missiles
 k - 14 poisoned darts (quivered)
Armour
 b - a +0 scale mail
 c - a +0 kite shield (worn)
 h - a +0 plate armour (worn)
Jewellery
 m - a ring of protection from fire
Scrolls
 e - a scroll of blinking {unknown}
 g - a scroll of identify
Potions
 f - a potion of magic
 n - a potion of heal wounds {unknown}


   Skills:
 + Level 5.1 Fighting
 + Level 5.9 Maces & Flails
 + Level 0.3 Throwing
 + Level 5.4 Armour
 + Level 0.7 Dodging
 + Level 4.6 Shields


You had 5 spell levels left.
You didn't know any spells.
Your spell library contained the following spells:

 Spells                   Type           Power      Damage    Failure   Level
 Slow                     Hex            0%         N/A       100%        2
 Confusing Touch          Hex            0%         N/A       100%        3
 Vampiric Draining        Necr           0%         2d6       100%        3
 Leda's Liquefaction      Hex/Erth       0%         N/A       100%        4
 Bolt of Magma            Conj/Fire/Erth 0%         4d4       100%        5
 Statue Form              Tmut/Erth      0%         N/A       100%        6


Dungeon Overview and Level Annotations

Branches:
Dungeon (4/15)
 Temple: D:4-7

Altars:
Gozag
Makhleb
Ru

Shops:
D:2 [([*   D:3 ?   D:4 (


Innate Abilities, Weirdness & Mutations

You have a pair of horns on your head.
You reflexively headbutt those who attack you in melee.


Message History

You headbutt the gnoll.
You kill the gnoll!
You completely miss the gnoll. Your headbutt misses the gnoll.
The gnoll hits you from afar with a +0 halberd.
You block the gnoll's attack. The gnoll hits you but does no damage.
You block the worm's attack. You block the gnoll's attack.
Things that are here:
a +0 whip; a gnoll corpse You barely miss the gnoll.
The gnoll hits you but does no damage. The gnoll hits you with a +0 halberd!
You block the worm's attack.
You closely miss the gnoll. Your headbutt misses the gnoll.
The gnoll hits you with a +0 club. The gnoll hits you with a +0 halberd!
* * * LOW HITPOINT WARNING * * *
The gnoll hits you but does no damage. The worm bites you.
* * * LOW HITPOINT WARNING * * *
You hit the gnoll.
The gnoll is lightly wounded.
The gnoll hits you but does no damage. The gnoll hits you with a +0 club.
* * * LOW HITPOINT WARNING * * *
You block the gnoll's attack.
You barely miss the gnoll. Your headbutt misses the gnoll.
The gnoll is lightly wounded.
The gnoll hits you but does no damage. The worm bites you but does no damage.
You block the gnoll's attack. The gnoll hits you with a +0 halberd.
* * * LOW HITPOINT WARNING * * *
The worm bites you but does no damage. You block the gnoll's attack.
It was a potion of ambrosia.
You are confused.
You feel invigorated. The gnoll completely misses you.
The gnoll hits you but does no damage.
It was a potion of haste.
You feel yourself speed up. The gnoll barely misses you.
The worm bites you but does no damage. The gnoll hits you with a +0 club.
* * * LOW HITPOINT WARNING * * *
It was a potion of resistance.
You feel protected. The gnoll hits you with a +0 halberd!
You die...

.....#...## . #.
.∩.>.#....## . ...
.....#.....## .
...#######......#
...... ##......##
......# #........#
....... #........#
.......##........#
.......@g)#......#
.......gw.#......#
.......$#.#.!....#
........#.##.....#
......(.##. .....#
......### .# ...#
###### #. .#


You could see a worm and 2 gnolls.

Vanquished Creatures
  Duvessa (D:4)
  Dowan (D:4)
  A jelly (D:4)
  A hound (D:4)
  An orc priest (D:3)
  2 orc wizards
  A hound skeleton (D:4)
  2 gnolls (D:4)
  A howler monkey skeleton (D:4)
  3 adders
  A worm (D:2)
  9 orcs
  4 endoplasms
  4 giant cockroaches
  6 goblins
  6 hobgoblins
  3 kobolds
  2 quokkas
  4 ball pythons
  3 bats
  3 frilled lizards
  4 rats
63 creatures vanquished.

Notes
Turn   | Place    | Note
-------+----------+-------------------------------------------
     0 | D:1      | boopmooplesden the Minotaur Fighter began the quest for the
                  | Orb.
     0 | D:1      | Reached XP level 1. HP: 19/19 MP: 0/0
   292 | D:1      | Reached XP level 2. HP: 25/27 MP: 1/1
  1037 | D:2      | Found Deud's Antique Armour Shop.
  1041 | D:2      | Found Pask's General Store.
  1063 | D:2      | Found Ystoc's Antique Weapon Boutique.
  1083 | D:2      | Found Jeapnioph's Armour Shop.
  1130 | D:2      | Reached XP level 3. HP: 27/33 MP: 2/2
  1662 | D:3      | Found a faded altar of an unknown god.
  1829 | D:3      | Found a sacrificial altar of Ru.
  2138 | D:3      | Found Osiuryfo's Magic Scroll Emporium.
  2170 | D:3      | Reached XP level 4. HP: 11/40 MP: 3/3
  2449 | D:3      | Found an opulent altar of Gozag.
  2730 | D:3      | Found a burning altar of Makhleb.
  2827 | D:4      | Reached XP level 5. HP: 30/47 MP: 4/4
  2995 | D:4      | Noticed Dowan
  2995 | D:4      | Noticed Duvessa
  3041 | D:4      | Reached skill level 5 in Maces & Flails
  3333 | D:4      | Reached skill level 5 in Armour
  3351 | D:4      | Killed Duvessa
  3352 | D:4      | Reached XP level 6. HP: 55/55 MP: 5/5
  3355 | D:4      | Killed Dowan
  3356 | D:4      | Reached skill level 5 in Fighting
  3497 | D:4      | Found Asuogar's Antique Weapon Boutique.
  3519 | D:4      | HP: 1/56 [gnoll (5)]
  3524 | D:4      | Slain by a gnoll

Illustrated notes

Levels and vault maps discovered:
D:1:      denvon_arrival_hothouse, layout_basic, serial_glass, glass_columns_a,
          glass_columns_c, glass_columns_a, glass_columns_c, glass_columns_a,
          glass_columns_a, glass_columns_a, glass_columns_a, glass_columns_b,
          glass_columns_a, glass_columns_b, glass_columns_a, glass_columns_a,
          glass_columns_a, item_on_display_a, due_unseen_surprise,
          item_on_display_a, minmay_strange_pillars, minmay_pentomino_o4
D:2:      layout_rooms, serial_shops, shop_statue, nicolae_shop_stone,
          shop_fountains, shop
D:3:      layout_rooms, old_standard_altar,
          nicolae_gozag_cash_rules_everything_around_me, lightli_temple_of_fire,
          serial_shops, shop, hellmonk_ecumenical_altar_blasted,
          serial_park_tiny_pond
D:4:      layout_cave_pods, minmay_temple_entry_glass, serial_shops,
          nicolae_take_the_stairs, uniq_duvessa

Skill      XL: |  1  2  3  4  5  6 |
---------------+-------------------+-----
Fighting       | 4 5 |  5.1
Armour         | 4 5 |  5.4
Maces & Flails | 3 4 5 |  5.9
Shields        | 4 |  4.6
Throwing       | |  0.3
Dodging        | |  0.7

Action                   |  1- 3 |  4- 6 || total
-------------------------+-------+-------++-------
Melee: Flail             |   115 |    94 ||   209
       Headbutt          |    12 |    11 ||    23
Throw: Dart              |     6 |       ||     6
  Use: Scroll            |     3 |     3 ||     6
       Potion            |     2 |     4 ||     6
Armor: Scale mail        |    34 |       ||    34
       Plate armour      |    50 |    79 ||   129
Dodge: Dodged            |    32 |    23 ||    55
Block: Kite shield       |    70 |    64 ||   134
